 Dungeon Crawl Stone Soup version 0.29.1-15-g9cfb28693d (webtiles) character file.

Game seed: 4768454222493717796

1589 bmack86 the Cleaver (level 8, -1/64 HPs)
             Began as a Minotaur Fighter on Apr 2, 2024.
             Was a Follower of Makhleb.
             Killed from afar by Maggie (21 damage)
             ... with a bolt of fire
             ... on level 6 of the Dungeon.
             The game lasted 00:12:10 (4402 turns).

bmack86 the Cleaver (Minotaur Fighter)              Turns: 4402, Time: 00:12:11

Health: -1/64      AC: 13    Str: 23    XL:     8   Next: 61%
Magic:  7/7        EV:  6    Int:  5    God:    Makhleb [*.....]
Gold:   87         SH:  5    Dex: 10    Spells: 7/7 levels left

rFire   . . .      SeeInvis .   x - +4 war axe (venom)
rCold   . . .      Faith    .   c - +0 buckler
rNeg    . . .      Spirit   .   D - +0 plate armour
rPois   .          Reflect  .   (helmet restricted)
rElec   .          Harm     .   y - +0 cloak
rCorr   .          Rampage  .   n - +0 pair of gloves
Will    .....                   (no boots)
Stlth   ..........              (no amulet)
HPRegen 0.20/turn               (no ring)
MPRegen 0.10/turn               (no ring)

@: mesmerised
A: horns 2, retaliatory headbutt
a: Renounce Religion


You were on level 6 of the Dungeon.
You worshipped Makhleb.
Makhleb was aware of your devotion.
You visited 2 branches of the dungeon, and saw 7 of its levels.

You collected 191 gold pieces.
You spent 104 gold pieces at shops.

Inventory:

Hand Weapons
 a - a +0 war axe
 x - a +4 war axe of venom (weapon)
Missiles
 A - 5 javelins
 C - a throwing net
Armour
 b - a +0 scale mail
 c - a +0 buckler (worn)
 n - a +0 pair of gloves (worn)
 w - a +0 chain mail
 y - a +0 cloak (worn)
 B - a +0 kite shield
 D - a +0 plate armour (worn)
Jewellery
 f - a ring of positive energy
Wands
 e - a wand of acid (2) (quivered)
Scrolls
 g - a scroll of fear
 j - a scroll of butterflies {unknown}
 m - a scroll of enchant weapon {unknown}
 s - 2 scrolls of teleportation
 t - 3 scrolls of enchant armour {unknown}
 u - a scroll of amnesia {unknown}
Potions
 d - a potion of haste
 h - 2 potions of might
 i - 2 potions of cancellation
 k - a potion of flight
 l - a potion of ambrosia
 o - 2 potions of heal wounds
 p - a potion of lignification
 q - 2 potions of resistance
 r - 3 potions of attraction {unknown}
 v - a potion of berserk rage {unknown}
 z - a potion of invisibility {unknown}


   Skills:
 - Level 3.6 Fighting
 + Level 12.6 Axes
 - Level 3.6 Armour
 - Level 5.0 Shields


You had 7 spell levels left.
You didn't know any spells.
Your spell library was empty.

Dungeon Overview and Level Annotations

Branches:
Dungeon (6/15)             Temple (1/1) D:5

Altars:
Cheibriados
Fedhas
Gozag
Kikubaaqudgha
Makhleb
Uskayaw
Vehumet
Zin
The Shining One

Shops:
D:4 (

Annotations:
D:6 Maggie


Innate Abilities, Weirdness & Mutations

You have a pair of horns on your head.
You reflexively headbutt those who attack you in melee.


Message History

Maggie drinks a potion.
Maggie's spells are empowered!
The bolt of acid hits Maggie!
Maggie is lightly wounded.
The bolt of acid hits Maggie.
Maggie is moderately wounded.
Maggie points at you and mumbles some strange words.
The bolt of fire hits you!!
You are too injured to fight recklessly!
Aiming: Corrosive Bolt
Press: ? - help, Q - select action, (/) - cycle Shift-Dir - straight line, f/p - Maggie
Aim: Maggie, wielding a +1 war axe of flaming and wearing +0 acid dragon scales (moderately wounded, spells empowered, 71% to hit)
The bolt of acid hits Maggie.
Maggie is moderately wounded.
Aiming: Corrosive Bolt
Press: ? - help, Q - select action, (/) - cycle Shift-Dir - straight line, f/p - Maggie
Aim: Maggie, wielding a +1 war axe of flaming and wearing +0 acid dragon scales (moderately wounded, spells empowered, 71% to hit)
The bolt of acid hits Maggie.
Maggie is moderately wounded.
Aiming: Corrosive Bolt
Press: ? - help, Q - select action, (/) - cycle Shift-Dir - straight line, f/p - Maggie
Aim: Maggie, wielding a +1 war axe of flaming and wearing +0 acid dragon scales (moderately wounded, spells empowered, 71% to hit)
The bolt of acid hits Maggie!
Maggie is heavily wounded.
Maggie gestures wildly while chanting.
Maggie attempts to bespell you!
You are mesmerised by Maggie!
Aiming: Corrosive Bolt
Press: ? - help, Q - select action, (/) - cycle Shift-Dir - straight line, f/p - Maggie
Aim: Maggie, wielding a +1 war axe of flaming and wearing +0 acid dragon scales (heavily wounded, mesmerising, spells empowered, 71% to hit)
The bolt of acid hits Maggie.
Maggie is heavily wounded.
You slash Maggie!
Maggie is poisoned.
You headbutt Maggie, but do no damage.
Maggie is severely wounded.
Maggie hits you with a +1 war axe of flaming.
Maggie burns you.
You closely miss Maggie.
Maggie is severely wounded.
Maggie gestures at you while chanting. The bolt of fire hits you!!
You die...

#...#..#.##....#..##
#.###..................#
............#..........#
#........#.##...........
......###.##........##..
#.......)))....#...... .
#..........#.##......#
##...@...###.##.......
#.....@...#...........
##.#.......)..... #
##............
##...).......
#............
#..#..........
...#..........#
#..#..........##
...##........##


You could see Maggie (mesmerising, empowered, very poisoned).

Vanquished Creatures
  Eustachio (D:6)
  Menkaure (D:4)
  A black bear (D:4)
  An orc warrior (D:6)
  A sky beast (D:6)
  An ice beast (D:5)
  A centaur (D:6)
  A phantom (D:5)
  Blork the orc (D:6)
  4 scorpions
  A gnoll sergeant (D:6)
  2 hounds (D:4)
  An orc priest (D:3)
  Crazy Yiuf (D:4)
  2 iguanas (D:5)
  An orc wizard (D:4)
  Natasha (thrice) (D:1)
  2 gnolls
  5 adders
  An ufetubus (D:5)
  3 dart slugs
  21 orcs
  4 bats
  12 endoplasms
  A giant cockroach (D:3)
  8 goblins
  3 hobgoblins (D:1)
  3 kobolds
  A quokka (D:2)
  5 ball pythons
  6 frilled lizards
  4 rats (D:1)
103 creatures vanquished.

Notes
Turn   | Place    | Note
-------+----------+-------------------------------------------
     0 | D:1      | bmack86 the Minotaur Fighter began the quest for the Orb.
     0 | D:1      | Reached XP level 1. HP: 19/19 MP: 0/0
   151 | D:1      | Reached XP level 2. HP: 21/26 MP: 1/1
   420 | D:2      | Noticed Natasha
   431 | D:1      | Killed Natasha
   432 | D:1      | Reached skill level 3 in Axes
   432 | D:1      | Reached XP level 3. HP: 31/31 MP: 2/2
   491 | D:1      | Noticed Natasha
   498 | D:1      | Killed Natasha
   499 | D:1      | Reached skill level 4 in Axes
   499 | D:1      | Reached skill level 5 in Shields
   532 | D:1      | Noticed Natasha
   537 | D:1      | Killed Natasha
   538 | D:1      | Reached XP level 4. HP: 31/39 MP: 3/3
   860 | D:2      | Reached skill level 5 in Axes
  1234 | D:3      | Reached XP level 5. HP: 45/45 MP: 4/4
  1911 | D:4      | Reached skill level 6 in Axes
  1936 | D:4      | Noticed a black bear
  1950 | D:4      | Identified the +3 hammer of Woostrapn {chaos, Int-4 Dex+5}
  1956 | D:4      | Killed a black bear
  1957 | D:4      | Reached skill level 7 in Axes
  1957 | D:4      | Reached XP level 6. HP: 35/51 MP: 5/5
  2263 | D:4      | Noticed Menkaure
  2269 | D:4      | Killed Menkaure
  2270 | D:4      | Reached skill level 8 in Axes
  2420 | D:4      | Found Ceoffel's Antique Weapon Shoppe.
  2426 | D:4      | Bought a glowing war axe for 104 gold pieces
  2540 | D:4      | Found a runed translucent door.
  2541 | D:4      | Noticed Crazy Yiuf
  2546 | D:4      | Killed Crazy Yiuf
  2555 | D:4      | Identified the +6 hammer of the Elven Halls {protect, Will+
                  | Str-4 Dex+4 SInv}
  2717 | D:4      | Reached XP level 7. HP: 57/57 MP: 6/6
  2831 | D:5      | Entered Level 5 of the Dungeon
  2876 | D:5      | Found a staircase to the Ecumenical Temple.
  2891 | Temple   | Entered the Ecumenical Temple
  3166 | Temple   | Became a worshipper of Makhleb the Destroyer
  3187 | D:5      | Reached skill level 9 in Axes
  3598 | D:5      | Reached skill level 10 in Axes
  4054 | D:6      | Reached XP level 8. HP: 46/64 MP: 7/7
  4204 | D:6      | Noticed Eustachio
  4207 | D:6      | Noticed Blork the orc
  4211 | D:6      | Killed Blork the orc
  4211 | D:6      | Reached * piety under Makhleb
  4212 | D:6      | Reached skill level 11 in Axes
  4225 | D:6      | Killed Eustachio
  4257 | D:6      | Reached skill level 12 in Axes
  4392 | D:6      | Noticed Maggie
  4402 | D:6      | Killed from afar by Maggie

Illustrated notes

Levels and vault maps discovered:
D:1:      wheals_arrival_shading, layout_basic, serial_glass, glass_columns_c,
          glass_columns_b, glass_columns_b, glass_columns_a, glass_columns_c,
          glass_columns_a, solitary_fountain
D:2:      layout_rooms, minmay_tetromino_i2, uniq_natasha
D:3:      layout_loops_ring, minmay_distorted
D:4:      layout_basic, serial_shops, shop, uniq_crazy_yiuf_cottage,
          uniq_menkaure
D:5:      layout_loops_ring, minmay_temple_entry_mini_moons
D:6:      layout_cave_pools, nicolae_overflows_in_rows, serial_gnoll_camp,
          gnoll_camp_mini_hut, gnoll_camp_huts_moat, gnoll_camp_mini_basic,
          gnoll_camp_mini_hut, gnoll_camp_mini_basic,
          minmay_fractal_squares_gapless_5, uniq_blork_the_orc, uniq_maggie,
          uniq_eustachio
Temple:   jpeg_temple_island

Skill      XL: |  1  2  3  4  5  6  7  8 |
---------------+-------------------------+-----
Shields        | 4 5 |  5.0
Axes           | 3 4 5 7 8 10 12 | 12.6
Fighting       | |  3.6
Armour         | |  3.6

Action                   |  1- 3 |  4- 6 |  7- 9 || total
-------------------------+-------+-------+-------++-------
Melee: War axe           |    36 |   103 |    70 ||   209
       Headbutt          |     6 |    12 |    11 ||    29
Evoke: Wand              |       |       |     6 ||     6
  Use: Scroll            |       |     6 |     9 ||    15
       Potion            |       |     1 |       ||     1
Armor: Scale mail        |    24 |    31 |       ||    55
       Chain mail        |       |    26 |    54 ||    80
Dodge: Dodged            |    32 |    36 |    23 ||    91
Block: Buckler           |     8 |    22 |    12 ||    42
